 Dungeon Crawl Stone Soup version 0.23-a0-169-gb21e695 (webtiles) character file.

150 KristoblXynda the Ruffian (level 5, -10/67 HPs)
             Began as a Troll Wizard on Sept 11, 2018.
             Mangled by a gnoll shaman
             ... wielding a +0 whip
              (11 damage)
             ... on level 3 of the Dungeon.
             The game lasted 00:03:39 (1622 turns).

KristoblXynda the Ruffian (Troll Wizard)            Turns: 1622, Time: 00:03:40

Health: -10/67     AC:  6    Str: 20    XL:     5   Next: 10%
Magic:  7/7        EV:  9    Int: 15    God:
Gold:   73         SH:  0    Dex:  8    Spells: 7/8 levels left

rFire    . . .     SeeInvis .     - Unarmed
rCold    . . .     Gourm    +   (no shield)
rNeg     . . .     Faith    .   a - +0 robe
rPois    .         Spirit   .   b - +1 hat
rElec    .         Reflect  .   (no cloak)
rCorr    .         Harm     .   (gloves unavailable)
MR       .....                  (boots unavailable)
Stlth    ..........             (no amulet)
HPRegen  0.61/turn              (no ring)
MPRegen  0.10/turn              (no ring)

@: berserking, lethally poisoned (-10 -> -10), glowing, very quick
A: large, unfitting armour, claws 3, fast metabolism 3, gourmand, regeneration
1, shaggy fur 1, tough skin 2
a: no special abilities


You were on level 3 of the Dungeon.
You were very full.

You visited 1 branch of the dungeon, and saw 3 of its levels.

You collected 73 gold pieces.

Inventory:

Armour
 a - a +0 robe (worn)
 b - a +1 hat (worn)
Scrolls
 g - 2 scrolls of amnesia
 j - 3 scrolls of identify
Potions
 e - a potion of mutation
 h - a potion of magic {unknown}
 m - a potion of flight {unknown}
Comestibles
 d - 3 rations


   Skills:
 - Level 1.5 Dodging
 - Level 1.0 Stealth
 * Level 3.9 Unarmed Combat
 - Level 2.0 Spellcasting
 + Level 2.1 Conjurations
   Level 0.6 Summonings
   Level 0.6 Translocations


You had 7 spell levels left.
You knew the following spells:

 Your Spells              Type           Power        Failure   Level  Hunger
a - Magic Dart            Conj           #...         10%         1    #......

Your spell library contained the following spells:

 Spells                   Type           Power        Failure   Level  Hunger
 Blink                    Tloc           N/A          26%         2    ###....
 Call Imp                 Summ           #.......     26%         2    ###....
 Slow                     Hex            #.......     32%         2    ###....
 Conjure Flame            Conj/Fire      #.......     41%         3    ###....
 Mephitic Cloud           Conj/Pois/Air  #.......     45%         3    ###....


Dungeon Overview and Level Annotations

Branches:
Dungeon (3/15)

Altars:


Innate Abilities, Weirdness & Mutations

You are too large for most types of armour.
You have claws for hands.
Your metabolism is lightning-fast.
You like to eat raw meat.
Your natural rate of healing is unusually fast.
You are covered in fur. (AC +1)
You have very tough skin. (AC +2)


Message History

The gnoll barely misses you. The adder barely misses you.
The gnoll shaman barely misses you. The gnoll closely misses you.
You scratch the adder.
The adder is heavily wounded.
The gnoll hits you with a flail.
* * * LOW HITPOINT WARNING * * *
The gnoll barely misses you. The adder barely misses you.
The gnoll shaman closely misses you.
Unknown command.
You claw the adder!
You kill the adder!
The gnoll completely misses you. The gnoll hits you but does no damage.
The gnoll barely misses you.
Unknown command.
You see here an adder corpse.
You claw the gnoll!
The gnoll is almost dead.
* * * LOW HITPOINT WARNING * * *
You feel sick. The gnoll misses you. The gnoll shaman hits you with a whip!
You die...

#...g.ggg.#.....gg...
#.################)(.
##.###### ##.#
#...§§g§######## ..
#...###§§§...).# .#
#)#..##§.......# ..
#....##..).....# ##
#.##g##g.......# ####
#....@ggg>....[####..
####.###..........#.#
#.# ###..##.###..##
#.# ###....)# #.†..
#. #......)###..##
......#.##^#.......
#.##..#. #.#...#.>.
#. #. #. ..........
#.#......###


You could see a gnoll shaman and 4 gnolls.

Vanquished Creatures
  4 gnolls
  6 adders
  An ooze (D:2)
  2 dart slugs (D:1)
  2 leopard geckos
  4 giant cockroaches
  3 goblins
  A hobgoblin (D:1)
  2 jackals (D:1)
  A quokka (D:2)
  6 ball pythons (D:2)
  4 bats
  5 frilled lizards
  5 kobolds
  8 rats
54 creatures vanquished.

Notes
Turn   | Place    | Note
-------+----------+-------------------------------------------
     0 | D:1      | KristoblXynda the Troll Wizard began the quest for the Orb.
     0 | D:1      | Reached XP level 1. HP: 16/16 MP: 2/2
   166 | D:1      | Reached skill level 1 in Unarmed Combat
   201 | D:1      | Reached skill level 1 in Conjurations
   203 | D:1      | Reached XP level 2. HP: 24/24 MP: 4/4
   435 | D:1      | Reached skill level 2 in Unarmed Combat
   636 | D:2      | Reached XP level 3. HP: 25/31 MP: 5/5
   995 | D:2      | Reached skill level 3 in Unarmed Combat
   995 | D:2      | Reached XP level 4. HP: 27/39 MP: 6/6
  1569 | D:3      | Reached XP level 5. HP: 36/45 MP: 7/7
  1619 | D:3      | HP: 1/67 [gnoll/flail (3)]
  1622 | D:3      | Mangled by a gnoll shaman

Vault maps used:
D:1:      nzn_arrival_crosshair
D:2:      first_ration, hangedman_decor_growths, minmay_misc_feat_more_columns,
          corexii_item_surrounded_by_moat, grunt_ministairs_6, glass_columns_b,
          minmay_shallow_snake_nest
D:3:      eat_drink_and_be_merry_uskayaw, okawaru_trees_1,
          gammafunk_temple_overflow_forgotten

Skill      XL: |  1  2  3  4 |
---------------+-------------+-----
Unarmed Combat | 1 2 3 |  3.9
Conjurations   | 1 2 |  2.1
Dodging        | |  1.5
Stealth        | |  1.0
Spellcasting   | |  2.0
Summonings     | |  0.6
Translocations | |  0.6

Action                   |  1- 3 |  4- 6 || total
-------------------------+-------+-------++-------
Melee: Unarmed           |   111 |    55 ||   166
  Use: Scroll            |       |     6 ||     6
       Potion            |       |     2 ||     2
 Stab: Sleeping          |     3 |     1 ||     4
  Eat: Chunk             |    14 |     6 ||    20
Armor: Robe              |    45 |    19 ||    64
Dodge: Dodged            |    49 |    41 ||    90

Table legend:
 A = Non-vault XP
 B = Vault XP
 C = Vault XP percentage of total XP
 D = Non-vault monster count
 E = Vault monster count
 F = Vault count percentage of total count
                 A         B        C        D         E       F
            +---------+---------+-------+---------+---------+-------
      Total |     178 |      37 |  17.2 |      45 |       9 |  16.7
            +---------+---------+-------+---------+---------+-------
        D:1 |      34 |       0 |   0.0 |      20 |       0 |   0.0
        D:2 |      95 |      37 |  28.0 |      17 |       9 |  34.6
        D:3 |      49 |       0 |   0.0 |       8 |       0 |   0.0
            +---------+---------+-------+---------+---------+-------
